 Dungeon Crawl Stone Soup version 0.29-a0-517-gbdf32494f2 (webtiles) character file.

Game seed: 12376432853131127750

10586 pokeman the Eclecticist (level 11, 0/61 HPs)
             Began as a Deep Elf Hedge Wizard on May 30, 2022.
             Was a Believer of Vehumet.
             Hit by a large rock thrown by a cyclops (33 damage)
             ... on level 10 of the Dungeon.
             The game lasted 00:31:20 (15813 turns).

pokeman the Eclecticist (Deep Elf Hedge Wizard)    Turns: 15813, Time: 00:31:21

Health: 0/61       AC:  7    Str:  7    XL:     11   Next: 38%
Magic:  28/32      EV: 12    Int: 24    God:    Vehumet [**....]
Gold:   766        SH:  0    Dex: 14    Spells: 29/40 levels left

rFire   + . .      SeeInvis .   k - +0 whip (elec)
rCold   . . .      Faith    .   (no shield)
rNeg    . . .      Spirit   .   R - +2 leather armour {rF+}
rPois   +          Reflect  .   T - +0 helmet
rElec   .          Harm     .   E - +0 cloak {rPois}
rCorr   .          Rampage  .   (no gloves)
Will    +....                   (no boots)
Stlth   ++........              G - amulet of magic regeneration
HPRegen 0.20/turn               m - ring of flight
MPRegen 0.63/turn               r - ring of poison resistance

@: flying
A: no striking features
a: Renounce Religion


You were on level 10 of the Dungeon.
You worshipped Vehumet.
Vehumet was pleased with you.
You visited 1 branch of the dungeon, and saw 11 of its levels.

You collected 766 gold pieces.

Inventory:

Hand Weapons
 a - a +3 short sword of venom
 g - a +1 shortbow of freezing
 k - a +0 whip of electrocution (weapon)
 D - a +3 quarterstaff of chaos
Missiles
 K - a throwing net
Armour
 B - a scarf of repulsion
 E - a +0 cloak of poison resistance (worn)
 O - a +0 robe of cold resistance
 R - a +2 leather armour of fire resistance (worn)
 T - a +0 helmet (worn)
Magical Staves
 v - a staff of fire
Jewellery
 m - a ring of flight (left hand)
 r - a ring of poison resistance (right hand)
 s - an amulet of guardian spirit
 A - an amulet of regeneration
 G - an amulet of magic regeneration (around neck)
 J - an amulet of faith
 Q - a +6 ring of dexterity
Wands
 q - a wand of polymorph (12)
 M - a wand of iceblast (14)
 P - a wand of acid (13)
 S - a wand of paralysis (5)
Scrolls
 b - 10 scrolls of identify {unknown}
 j - 5 scrolls of enchant weapon {unknown}
 l - 4 scrolls of poison {unknown}
 n - 2 scrolls of vulnerability {unknown}
 p - 4 scrolls of enchant armour {unknown}
 t - 6 scrolls of teleportation {unknown}
 w - a scroll of noise {unknown}
 x - a scroll of silence {unknown}
 y - a scroll of acquirement {unknown}
 z - a scroll of fear {unknown}
 F - 2 scrolls of amnesia {unknown}
 I - a scroll of fog {unknown}
 L - 2 scrolls of immolation {unknown}
Potions
 d - 2 potions of magic
 e - 2 potions of might {unknown}
 f - 2 potions of degeneration {unknown}
 h - 6 potions of attraction {unknown}
 i - 9 potions of curing
 o - a potion of lignification {unknown}
 u - 3 potions of heal wounds
 C - a potion of brilliance {unknown}
 H - a potion of cancellation {unknown}
 N - a potion of mutation {unknown}
Miscellaneous
 U - a piece from Xom's chessboard (15/15)


   Skills:
 - Level 4.1 Fighting
 + Level 4.3 Armour
 - Level 3.0 Dodging
 - Level 4.1 Stealth
 * Level 15.2 Spellcasting
 + Level 8.9 Conjurations
 - Level 1.1 Summonings
 - Level 1.1 Translocations
 + Level 7.8 Fire Magic
 - Level 3.0 Air Magic
 - Level 1.1 Poison Magic
 - Level 1.0 Evocations


You had 29 spell levels left.
You knew the following spells:

 Your Spells              Type           Power      Damage    Failure   Level
a - Magic Dart            Conj           100%       1d8       1%          1
b - Mephitic Cloud        Conj/Pois/Air  39%        N/A       2%          3
c - Call Imp              Summ           23%        N/A       4%          2
d - Blink                 Tloc           46%        N/A       4%          2
e - Conjure Flame         Conj/Fire      56%        6-21      1%          3

Your spell library contained the following spells:

 Spells                   Type           Power      Damage    Failure   Level
 Poisonous Vapours        Pois/Air       56%        N/A       2%          2
 Apportation              Tloc           46%        N/A       2%          1
 Slow                     Hex            72%        N/A       4%          1
 Ensorcelled Hibernation  Hex/Ice        36%        N/A       7%          2
 Call Canine Familiar     Summ           23%        N/A       9%          3
 Gell's Gravitas          Tloc           23%        N/A       9%          3
 Teleport Other           Tloc           23%        N/A       9%          3
 Portal Projectile        Hex/Tloc       40%        N/A       11%         3
 Spider Form              Tmut/Pois      21%        N/A       11%         3
 Anguish                  Hex/Necr       9%         N/A       41%         4
 Leda's Liquefaction      Hex/Erth       9%         N/A       41%         4
 Alistair's Intoxication  Tmut/Pois      14%        N/A       67%         5
 Dispersal                Tloc           11%        N/A       99%         6


Dungeon Overview and Level Annotations

Branches:
Dungeon (11/15)            Temple (0/1) D:7
   Lair: D:8-11         Orc: D:9-12

Altars:
Ashenzari
Gozag
Kikubaaqudgha
Nemelex Xobeh
Ru
Vehumet
Wu Jian
Xom
Yredelemnul
The Shining One


Message History

You start resting.
You feel stable enough to blink again.
Casting: Blink (safe; 4% risk of failure)
Confirm with . or Enter, or press ? or * to list all spells.
Aiming: Mephitic Cloud (dangerous; 2% risk of failure)
Press: ? - help, Shift-Dir - straight line, f - yak, p - cyclops
Aim: a yak (chance to affect: 67%)
The ball explodes into a vile cloud!
The stinking cloud engulfs the yak but does no damage.
The yak is engulfed in noxious fumes.
The yak appears confused.
Unknown command.
Unknown command.
Unknown command.
Casting: Mephitic Cloud (dangerous; 2% risk of failure)
Confirm with . or Enter, or press ? or * to list all spells.
The fire begins to smoulder!
The yak is engulfed in noxious fumes.
The yak appears confused.
The yak gores the yak.
The yak is engulfed in noxious fumes.
The yak appears confused.
The yak gores the yak!
The yak gores itself!
Unknown command.
The yak is engulfed in noxious fumes.
Your magical contamination has completely faded away.
The fire ignites!
Casting: Conjure Flame (safe; 1% risk of failure)
Confirm with . or Enter, or press ? or * to list all spells.
The fire begins to smoulder!
The yak gores the cyclops!
The yak is engulfed in blazing flames.
The cyclops is engulfed in noxious fumes.
The yak smothers the flame.
You hit the yak but do no damage.
The yak is severely wounded.
The yak gores you!
The yak gores itself.
The yak is engulfed in noxious fumes.
The yak appears confused.
The cyclops throws a large rock.
The large rock hits you!
You catch the helpless yak completely off-guard!
You hit the yak but do no damage.
The yak is almost dead.
The cyclops throws a large rock.
The large rock hits you!!
Ouch! That really hurt!
You die...

.......##.........#
.......##......####
.###.......##..# ###
.#.##........### #####.##
...[...#[.....### #..##..#
.....###........# #......# .[..##
#........######.#..### <[..#
#..........Y.####....#
##..####........@....###....#
###.##..........#ยง..##.#...##
..(((..........###...#.....#
.....)..........##C.......#####
..).)..##.......###.Y......#..###
....()...#.........<............#
.#...[..##.......................
##...)...........................
##..).).........YYC......#....#..


You could see a cyclops and 2 yaks.

Vanquished Creatures
  Fannar (D:11)
  A two-headed ogre (D:9)
  Pikel (D:4)
  3 trolls (D:9)
  A wraith (D:9)
  Eustachio (D:6)
  2 wyverns
  13 yaks
  A steam dragon (D:10)
  6 vampire mosquitoes
  An acid dragon (D:8)
  A water moccasin (D:8)
  7 orc warriors
  A sky beast (D:7)
  3 ogres
  7 centaurs
  A phantom (D:5)
  2 kobold brigands
  5 bullfrogs
  3 necrophages
  2 wights (D:10)
  6 killer bees
  10 howler monkeys
  2 orc priests
  3 jellies
  4 gnoll shamans
  Crazy Yiuf (D:3)
  6 hounds
  3 iguanas (D:5)
  Natasha (thrice) (D:3)
  20 orc wizards
  Terence (D:2)
  A centaur simulacrum (D:9)
  8 adders
  13 gnolls
  A shadow imp (D:7)
  A worm (D:3)
  A dart slug (D:2)
  28 orcs
  6 ball pythons
  7 endoplasms
  6 giant cockroaches
  9 goblins
  6 hobgoblins
  5 jackals
  13 kobolds
  2 quokkas
  5 bats
  3 frilled lizards
  2 rats
239 creatures vanquished.

Vanquished Creatures (collateral kills)
  An orc warrior (D:6)
  A wight (D:10)
  A killer bee (D:5)
  A howler monkey (D:8)
4 creatures vanquished.

Grand Total: 243 creatures vanquished

Notes
Turn   | Place    | Note
-------+----------+-------------------------------------------
     0 | D:1      | pokeman the Deep Elf Hedge Wizard began the quest for the
                  | Orb.
     0 | D:1      | Reached XP level 1. HP: 10/10 MP: 7/7
   375 | D:1      | Reached XP level 2. HP: 16/16 MP: 6/9
   854 | D:1      | Reached skill level 5 in Spellcasting
  1269 | D:1      | Reached XP level 3. HP: 20/20 MP: 6/11
  1273 | D:1      | Learned a level 3 spell: Mephitic Cloud
  1276 | D:1      | Learned a level 2 spell: Call Imp
  1279 | D:1      | Learned a level 2 spell: Blink
  1283 | D:1      | Learned a level 3 spell: Conjure Flame
  1323 | D:1      | Found a faded altar of an unknown god.
  1580 | D:2      | Noticed Terence
  1594 | D:2      | Reached skill level 1 in Fighting
  1602 | D:2      | Killed Terence
  1603 | D:2      | Reached skill level 1 in Armour
  1603 | D:2      | Reached XP level 4. HP: 12/25 MP: 1/13
  1973 | D:2      | Identified the +2 great sword of Desperation {vorpal,
                  | *Corrode rN+ Dex+2}
  2849 | D:3      | Noticed Natasha
  2857 | D:3      | Killed Natasha
  2993 | D:3      | Reached skill level 1 in Fire Magic
  3188 | D:3      | Found a runed translucent door.
  3189 | D:3      | Noticed Crazy Yiuf
  3252 | D:3      | Reached skill level 6 in Spellcasting
  3287 | D:3      | You are sucked into a shaft and drop 2 floors!
  3287 | D:5      | Entered Level 5 of the Dungeon
  3298 | D:5      | Reached XP level 5. HP: 29/29 MP: 11/15
  3615 | D:4      | Noticed a lemure
  3615 | D:4      | Noticed a lemure
  3616 | D:4      | Noticed a lemure
  3617 | D:4      | Noticed Pikel
  3621 | D:4      | Noticed a lemure
  3629 | D:4      | Killed Pikel
  3630 | D:4      | Reached skill level 7 in Spellcasting
  3630 | D:4      | Reached XP level 6. HP: 14/34 MP: 9/18
  3630 | D:4      | Reached XP level 7. HP: 16/38 MP: 10/20
  3894 | D:3      | Noticed Natasha
  3902 | D:3      | Killed Natasha
  4078 | D:3      | Killed Crazy Yiuf
  4079 | D:3      | Reached skill level 8 in Spellcasting
  4286 | D:3      | Noticed Natasha
  4299 | D:3      | Killed Natasha
  4536 | D:4      | Reached skill level 1 in Evocations
  4767 | D:4      | Found a glowing golden altar of the Shining One.
  5084 | D:5      | Reached skill level 1 in Poison Magic
  5346 | D:5      | Reached XP level 8. HP: 43/43 MP: 20/22
  5349 | D:5      | Reached skill level 9 in Spellcasting
  5355 | D:5      | Found an ornate altar of the Wu Jian Council.
  5499 | D:5      | Reached skill level 5 in Conjurations
  5670 | D:5      | Found an opulent altar of Gozag.
  6139 | D:6      | Reached skill level 10 in Spellcasting
  6572 | D:6      | Found a sacrificial altar of Ru.
  6574 | D:6      | Found a radiant altar of Vehumet.
  6576 | D:6      | Found a sparkling altar of Nemelex Xobeh.
  6582 | D:6      | Became a worshipper of Vehumet
  6599 | D:6      | Noticed Eustachio
  6611 | D:6      | Killed Eustachio
  6612 | D:6      | Reached XP level 9. HP: 42/48 MP: 25/25
  6944 | D:6      | Reached skill level 11 in Spellcasting
  7222 | D:6      | Reached skill level 12 in Spellcasting
  7222 | D:6      | Reached skill level 5 in Fire Magic
  8050 | D:7      | Found a staircase to the Ecumenical Temple.
  8887 | D:7      | Reached XP level 10. HP: 56/56 MP: 28/28
  9430 | D:8      | Reached * piety under Vehumet
  9430 | D:8      | Offered knowledge of Shock by Vehumet.
  9951 | D:8      | Reached skill level 13 in Spellcasting
 11205 | D:9      | Noticed a two-headed ogre
 11223 | D:9      | Killed a two-headed ogre
 11323 | D:9      | Reached ** piety under Vehumet
 11323 | D:9      | Offered knowledge of Searing Ray by Vehumet.
 12125 | D:9      | Reached skill level 14 in Spellcasting
 12589 | D:9      | Reached XP level 11. HP: 5/61 MP: 25/31
 12900 | D:9      | Found a broken altar of Ashenzari.
 12932 | D:9      | Found an ancient bone altar of Kikubaaqudgha.
 13541 | D:9      | Found a basalt altar of Yredelemnul.
 13583 | D:10     | Entered Level 10 of the Dungeon
 13606 | D:10     | Offered knowledge of Poisonous Vapours by Vehumet.
 13784 | D:10     | Reached *** piety under Vehumet
 14808 | D:10     | Found a shimmering altar of Xom.
 15048 | D:11     | Noticed Fannar
 15077 | D:11     | Killed Fannar
 15078 | D:11     | Reached skill level 15 in Spellcasting
 15813 | D:10     | Hit by a large rock thrown by a cyclops

Illustrated notes

Levels and vault maps discovered:
D:1:      lightli_arrival_boilingwater, layout_loops_corners,
          basic_ecumenical_altar
D:2:      layout_basic, corner_web_ring, uniq_terence
D:3:      layout_loops_ring, mrwooster_statue_mirror, minmay_circle_x,
          uniq_crazy_yiuf_cottage, uniq_natasha
D:4:      layout_cave_pods, mainiacjoe_overflow_boulevard, uniq_pikel
D:5:      layout_loops_ring, mainiacjoe_overflow_concentric_impassable,
          mainiacjoe_overflow_paths
D:6:      layout_gridville, grunt_temple_overflow_open, hangedman_decor_lopped,
          dk_noncrumbling_3, uniq_eustachio
D:7:      layout_basic, temple_statues
D:8:      layout_loops_cross
D:9:      layout_loops_corners, kiku_gazebo_pond_becter, kennysheep_mini_moat,
          mainiacjoe_overflow_alcove_4, nzn_random_ring
D:10:     layout_cave_pools, xom_butterflies, small_statue_alley_a
D:11:     layout_gridville, minmay_lair_entry_grove,
          minmay_orc_entry_guard_dogs, vehumet_crystals, uniq_fannar

Skill      XL: |  1  2  3  4  5  6  7  8  9 10 11 |
---------------+----------------------------------+-----
Spellcasting   | 5 6 7 8 10 12 14 15 | 15.2
Fighting       | 1 2 3 4 |  4.1
Armour         | 1 2 3 4 |  4.3
Conjurations   | 2 3 4 5 7 8 |  8.9
Fire Magic     | 1 3 5 7 |  7.8
Dodging        | 3 |  3.0
Stealth        | 4 |  4.1
Air Magic      | 2 3 |  3.0
Evocations     | 1 |  1.0
Poison Magic   | 1 |  1.1
Summonings     | |  1.1
Translocations | |  1.1

Action                   |  1- 3 |  4- 6 |  7- 9 | 10-12 || total
-------------------------+-------+-------+-------+-------++-------
Melee: Dagger            |     6 |       |       |       ||     6
       Whip              |     5 |     5 |   132 |   219 ||   361
       Punch             |       |       |     2 |     3 ||     5
 Cast: Magic Dart        |    76 |    72 |   171 |   230 ||   549
       Mephitic Cloud    |     2 |     1 |    25 |    53 ||    81
       Conjure Flame     |     1 |     1 |     9 |    31 ||    42
       Call Imp          |       |       |     3 |     8 ||    11
       Blink             |       |       |       |    10 ||    10
Evoke: Wand              |       |       |       |     6 ||     6
 Stab: Confused          |       |       |    10 |    33 ||    43
       Sleeping          |       |       |       |     1 ||     1
Armor: Robe              |     1 |       |       |       ||     1
       Leather armour    |     7 |     4 |    28 |    66 ||   105
Dodge: Dodged            |    11 |     8 |    84 |   153 ||   256

Table legend: (Time is in decaauts)
 A = Elapsed time spent in this place.
 B = Non-inter-level travel time spent in this place.
 C = Inter-level travel time spent in this place.
 D = Time resting spent in this place.
 E = Time spent auto-exploring this place.
 F = Levels seen in this place.
 G = Mean time per level.
                   A        B        C        D        E       F      G
               +--------+--------+--------+--------+--------+-----+--------+
         Total |  15856 |  15290 |    566 |   2588 |  10324 |  11 | 1441.5 |
       Dungeon |  15856 |  15290 |    566 |   2588 |  10324 |  11 | 1441.5 |
               +--------+--------+--------+--------+--------+-----+--------+

Top non-repeatable levels by time:
     D:9: 2819 daAuts
     D:7: 1823 daAuts
    D:10: 1773 daAuts
     D:6: 1738 daAuts
     D:1: 1490 daAuts
     D:8: 1358 daAuts
     D:5: 1240 daAuts
     D:4: 1188 daAuts
     D:3: 1172 daAuts
     D:2: 1167 daAuts
    D:11: 83 daAuts
